[Event "*** Titled Tuesday 3|2 Blitz (Late)"]
[Site "Chess.com"]
[Date "2016.11.01"]
[Round "1"]
[White "LawrenceTrent"]
[Black "FearlessKing64"]
[Result "0-1"]
[WhiteElo "2478"]
[BlackElo "2177"]
[TimeControl "180+2"]
[EndTime "17:08:20 PDT"]
[Termination "FearlessKing64 won by checkmate"]

1. e4 c5 2. Nc3 d6 3. f4 g6 4. Nf3 Bg7 5. Bb5+ Bd7 6. Bc4 e6 7. O-O Ne7 8. d3 Bc6 9. Qe1 O-O 10. f5 d5 11. Bb3 c4 12. f6 Bxf6 13. exd5 cxb3 14.
dxc6 Nbxc6 15. axb3 Nf5 16. Ne4 Bg7 17. Kh1 Ncd4 18.
Nxd4 Nxd4 19. Qf2 Rc8 20. Nc3 a6 21. Be3 Nf5 22. Bc5 Re8 23. b4 h5 24. Rae1 Rc6 25.
Qd2 b6 26. Bg1 Qh4 27. Ne4 Rec8 28. c4 Rd8 29. Rf3 Qe7 30. c5 b5 31. Ref1 Rd4 32.
Bxd4 Bxd4 33. g3 Kg7 34. Qe2 Be5 35. Rg1 Nd4 36. Qf2 Nxf3 37. Qxf3 f5 38. Nf2 Rc7 39. b3 Qf6 40. Rc1 Bd4 41. Nh3 e5 42. Qd5 Qf7 43. Qd6 Rd7 44. Qc6 Rc7 45. Qb6 Qd5# 0-1

[Event "*** Titled Tuesday 3|2 Blitz (Late)"]
[Site "Chess.com"]
[Date "2016.11.01"]
[Round "1"]
[White "gmshanmeruga"]
[Black "hardingstoptry"]
[Result "1-0"]
[WhiteElo "2272"]
[BlackElo "2578"]
[TimeControl "180+2"]
[EndTime "17:08:45 PDT"]
[Termination "gmshanmeruga won by resignation"]

1. e4 d6 2. d4 Nf6 3. Nc3 g6 4. Nf3 Bg7 5. Bc4 O-O 6. O-O e5 7. dxe5 dxe5 8. Qxd8 Rxd8 9. Nxe5 Rf8 10. f4 Nfd7 11.
Nxd7 Nxd7 12. Be3 Nb6 13. Bb3 Be6 14. Bxe6 fxe6 15. e5 g5 16. g3 Nc4 17. Bc1 gxf4 18. gxf4 a5 19. b3 Nd6 20. Be3 Nf5 21. Kf2 b6 22. Rad1 Rad8 23. Ne4 Kf7 24. Ng5+ Ke7 25. Rxd8 Rxd8 26. Rg1 h6 27. Ne4 Kf7 28. Ng3 Nh4 29. Ke2 b5 30. c4 b4 31. Rd1 Rxd1 32. Kxd1 Ng2 33. Ke2 Nh4 34. Bf2 Ng6 35. Kf3 Ne7 36.
Ke4 Nc6 37. h4 Kg6 38. h5+ Kf7 39. Bc5 Nb8 40. f5 exf5+ 41. Nxf5 Bf8 42. Bxf8 Kxf8 43. e6 Nc6 44. Kd5 Nd8 45. e7+ 1-0

[Event "*** Titled Tuesday 3|2 Blitz (Late)"]
[Site "Chess.com"]
[Date "2016.11.01"]
[Round "1"]
[White "nonscitis"]
[Black "Alexander_Moskalenko"]
[Result "0-1"]
[WhiteElo "2315"]
[BlackElo "2659"]
[TimeControl "180+2"]
[EndTime "17:09:12 PDT"]
[Termination "Alexander_Moskalenko won by resignation"]

1. d4 d5 2. c4 e6 3. Nc3 a6 4.
e3 Nf6 5. Nf3 c6 6. b3 Bb4 7.
Bd2 b5 8. Bd3 dxc4 9. bxc4 O-O 10. O-O bxc4 11. Bxc4 c5 12. a3 cxd4 13. axb4 dxc3 14.
Bxc3 Bb7 15. Qxd8 Rxd8 16. Bxf6 gxf6 17. Nd4 Nd7 18. b5 axb5 19. Bxb5 Ne5 20. h3 h5 21.
f4 Ng6 22. Bc6 Rxa1 23. Rxa1 Bxc6 24. Nxc6 Rd2 25. Rf1 Nh4 26. Rf2 Rd1+ 27. Rf1 Rd3 28. Re1 Rd2 29. Kh1 Kf8 30. Rg1 Re2 31. Nd4 Rxe3 32.
Rf1 f5 33. Kh2 Ng6 34. Rf2 Rd3 35. Ne2 Rd2 36. Kg1 h4 37. Kh2 Kg7 38. Kg1 f6 39. Kh2 Rb2 40. g3 hxg3+ 41. Kxg3 Ne7 42. Ng1 Rb3+ 43. Kh2 Nd5 44. Ne2 Rb2 45. Kg2 Rxe2 46. Rxe2 Nxf4+ 0-1

[Event "*** Titled Tuesday 3|2 Blitz (Late)"]
[Site "Chess.com"]
[Date "2016.11.01"]
[Round "1"]
[White "oskariot"]
[Black "platy3"]
[Result "1-0"]
[WhiteElo "2380"]
[BlackElo "2673"]
[TimeControl "180+2"]
[EndTime "17:09:14 PDT"]
[Termination "oskariot won by resignation"]

1. e4 c5 2. Nf3 e6 3. d4 cxd4 4. Nxd4 a6 5. c4 Nf6 6. Nc3 Bb4 7. Be2 O-O 8. O-O Qc7 9. Qd3 Nc6 10. Bg5 Bc5 11. Bxf6 gxf6 12. Nb3 Be7 13. Rac1 Kh8 14. Nd5 exd5 15. cxd5 Qe5 16. dxc6 dxc6 17. Rc2 f5 18. Bf3 Rd8 19. Qe3 f4 20. Qc3 Bf6 21. Qxe5 Bxe5 22. Nd2 Be6 23. h3 f6 24. Nc4 Bc7 25. Bg4 Bf7 26. Bf5 Rd4 27. Nd2 Rad8 28. Nf3 Rc4 29. Rfc1 Rxc2 30. Rxc2 Bxa2 31. h4 a5 32. h5 Bb3 33.
Rc3 a4 34. Kh2 Ba5 35. Rc5 Bb6 36. Rc1 Bxf2 37. h6 Bg3+ 38. Kh3 Rd1 39. Rc5 Rh1+ 40.
Kg4 Bf7 41. Bc8 Bh5+ 42. Rxh5 Rxh5 43. Kxh5 b5 44. Bd7 b4 45. Bxc6 a3 46. bxa3 bxa3 47. Bd5 Bf2 48. Ba2 Be3 49. Nh2 f3 50. Nxf3 f5 51.
e5 Bxh6 52. Kxh6 f4 53. Kg5 1-0

[Event "*** Titled Tuesday 3|2 Blitz (Late)"]
[Site "Chess.com"]
[Date "2016.11.01"]
[Round "1"]
[White "wonderfultime"]
[Black "Boryboy"]
[Result "1-0"]
[WhiteElo "2709"]
[BlackElo "2428"]
[TimeControl "180+2"]
[EndTime "17:09:23 PDT"]
[Termination "wonderfultime won by resignation"]

1. d4 e6 2. c4 d5 3. Nf3 Nf6 4. Nc3 Nbd7 5. e3 c6 6. Bd3 Bd6 7. O-O O-O 8. e4 dxc4 9. Bxc4 e5 10. Bg5 h6 11. Bh4 Qc7 12. Rc1 exd4 13. Qxd4 Ng4 14. h3 Nge5 15. Be2 Nxf3+ 16. Bxf3 Be5 17. Qc4 Nb6 18. Qc5 Be6 19. Nd5 Qb8 20. Ne7+ Kh8 21. b3 Re8 22. Nf5 Bxf5 23. exf5 Nd7 24. Qc4 Bf4 25.
Rce1 f6 26. Bh5 Rxe1 27. Rxe1 Be5 28. f4 Bd6 29. Kh1 Nb6 30. Qf7 Nd5 31. Bf3 Qf8 32.
Qxb7 Ne7 33. Bf2 Nxf5 34. Qxc6 Rd8 35. Qb5 Ne7 36. Qb7 Ng6 37. g3 Bb4 38. Re2 Bc5 39. Kg2 Bxf2 40. Rxf2 Ne7 41. Qxa7 Nf5 42. Be4 Nd4 43. Qb6 Qe7 44. Kh2 Rd6 45. Qc5 Qd7 46. a4 f5 47. Bg2 Nxb3 48. Qb4 Nd2 49. a5 Qe6 50. Rxd2 Rxd2 51. Qxd2 Qa6 52. Qb4 Kh7 53. Qb6 1-0

[Event "*** Titled Tuesday 3|2 Blitz (Late)"]
[Site "Chess.com"]
[Date "2016.11.01"]
[Round "1"]
[White "brightthunder"]
[Black "stalyansky"]
[Result "1-0"]
[WhiteElo "2559"]
[BlackElo "2204"]
[TimeControl "180+2"]
[EndTime "17:09:30 PDT"]
[Termination "brightthunder won on time"]

1. e4 e5 2. Nf3 Nc6 3. Bb5 a6 4. Ba4 d6 5. c3 Bd7 6. O-O g6 7.
d4 Bg7 8. d5 Nce7 9. c4 h6 10.
Bxd7+ Qxd7 11. Ne1 f5 12. f3 Nf6 13. Nc3 O-O 14. Nd3 b5 15. b3 Rfb8 16. a3 c6 17. Kh1 c5 18. Be3 f4 19. Bf2 g5 20. Qe2 Kh7 21. Rfc1 g4 22. b4 bxc4 23. Nb2 cxb4 24.
axb4 Rxb4 25. Nxc4 Ng6 26. Nb6 Rxb6 27. Bxb6 Nh4 28.
Bf2 gxf3 29. gxf3 Qh3 30. Bxh4 Qxh4 31. Nb5 Nh5 32. Qg2 Rb8 33. Nxd6 Kh8 34. Rc7 Rb3 35. Rxg7 Nxg7 36. Qxg7+ Kxg7 37. Nf5+ Kf6 38. Nxh4 a5 39. d6 Kg5 40. Rd1 Rb8 41. Nf5 a4 42. Ra1 Rb3 43.
Rxa4 Rxf3 44. Ra5 Rd3 45. Rxe5 Kg4 46. Rd5 Rc3 47. Rd1 Kf3 48. d7 1-0

[Event "*** Titled Tuesday 3|2 Blitz (Late)"]
[Site "Chess.com"]
[Date "2016.11.01"]
[Round "1"]
[White "Zlatan56"]
[Black "chessking2151"]
[Result "1-0"]
[WhiteElo "2663"]
[BlackElo "2322"]
[TimeControl "180+2"]
[EndTime "17:09:35 PDT"]
[Termination "Zlatan56 won on time"]

1. Nf3 Nf6 2. g3 e6 3. Bg2 Be7 4. O-O O-O 5. d3 c5 6. e4 d6 7. Nbd2 Nc6 8. c3 Qc7 9. Re1 Rd8 10. Nf1 b5 11. d4 Bb7 12. Bf4 e5 13. Bg5 h6 14. Bxf6 Bxf6 15. Ne3 Ne7 16. Ng4 Ng6 17. Nxf6+ gxf6 18. h4 Bc8 19. h5 Nf8 20. Nh4 Ne6 21.
Nf5 Kh7 22. d5 Ng7 23. Nh4 Qe7 24. Kh2 Rg8 25. a4 b4 26. cxb4 cxb4 27. Rc1 Ne8 28. Bh3 Bxh3 29. Kxh3 Qd7+ 30. Kh2 Ng7 31. Qf3 Rgc8 32. Qxf6 Nxh5 33. Qf5+ Qxf5 34. Nxf5 Rd8 35.
Rc7 Kg8 36. Nxh6+ Kg7 37. Nxf7 Rdc8 38. Rec1 Rxc7 39. Rxc7 Nf6 40. Nxd6+ Kg6 41. f3 Rd8 42. Nc4 Re8 43. Nd6 Rd8 44. Nf5 Rh8+ 45. Kg2 Nh5 46. d6 Rd8 47. d7 Kf7 48. Rxa7 Nf6 49. Nd6+ Ke6 50. Nb7 Rxd7 51. Nc5+ Kd6 52. Nxd7 Nxd7 53. Rxd7+ Kxd7 54. f4 Kc6 55. f5 Kb6 56. f6 Ka5 57. b3 Kb6 58. f7 Kc5 59. f8=Q+ Kd4 60. Qxb4+ Kd3 61. a5 Ke3 62. a6 Ke2 63. a7 Ke3 64. a8=Q Ke2 65. Qa6+ Ke3 66. Qc3+ 1-0

[Event "*** Titled Tuesday 3|2 Blitz (Late)"]
[Site "Chess.com"]
[Date "2016.11.01"]
[Round "1"]
[White "howitzer14"]
[Black "tigra"]
[Result "1-0"]
[WhiteElo "2764"]
[BlackElo "2446"]
[TimeControl "180+2"]
[EndTime "17:09:37 PDT"]
[Termination "howitzer14 won by resignation"]

1. Nf3 d5 2. g3 Bf5 3. Bg2 e6 4. c4 c6 5. b3 Nf6 6. Bb2 Be7 7. d3 O-O 8. O-O h6 9. Nbd2 Re8 10.
Rc1 a5 11. a3 Bf8 12. Rc2 Na6 13. Qa1 Nd7 14. Rfc1 Bh7 15. h3 Qe7 16. Ne5 Nxe5 17. Bxe5 Qxa3 18. Ra2 Qb4 19. Bc3 Qb6 20. Bxa5 Nb4 21.
Bxb6 Rxa2 22. Qc3 Ra6 23. Be3 Na2 24. Qb2 Nxc1 25. Qxc1 Rea8 26. Kh2 Ra2 27. c5 Be7 28. Bd4 Bg5 29. f4 Bd8 30. b4 R8a4 31. Bc3 Bg6 32. Bf3 b6 33. Kg2 R4a3 34. Bb2 Ra4 35. Bc3 R4a3 36. Bb2 Ra4 37. Qb1 bxc5 38. bxc5 Ba5 39.
Nb3 Bb4 40. Nc1 Rxb2 41. Qxb2 Bxc5 42. Nb3 Bb6 43. h4 c5 44. h5 Bf5 45. Nd2 Rb4 46. Qc3 Rb5 47. Qa3 Kh8 48. Qa8+ Kh7 49. g4 Bxd3 50. exd3 Rb2 51. Qe8 Rxd2+ 52. Kg3 Rxd3 53. Qxf7 Re3 54. g5 hxg5 55. fxg5 c4 56. Kg4 Re1 57. Qg6+ Kh8 58. Qe8+ Kh7 59. g6+ 1-0

[Event "*** Titled Tuesday 3|2 Blitz (Late)"]
[Site "Chess.com"]
[Date "2016.11.01"]
[Round "1"]
[White "Kubas1010"]
[Black "DanielNaroditsky"]
[Result "0-1"]
[WhiteElo "2432"]
[BlackElo "2731"]
[TimeControl "180+2"]
[EndTime "17:09:49 PDT"]
[Termination "DanielNaroditsky won by resignation"]

1. d4 Nf6 2. c4 d6 3. Nc3 Nbd7 4. Nf3 e5 5. g3 Be7 6. Bg2 O-O 7. O-O c6 8. Qc2 Qc7 9. Rd1 Re8 10. h3 Nf8 11. e4 exd4 12. Nxd4 Ne6 13. Nf5 Bf8 14. b3 Nc5 15.
Bb2 g6 16. Ne3 Bg7 17. f4 Nfxe4 18. Nxe4 Bxb2 19. Nxd6 Bxa1 20. Nxe8 Qe7 21. Rxa1 Qxe3+ 22. Qf2 Qxf2+ 23. Kxf2 Bxh3 24. Nf6+ Kg7 25. Nh5+ gxh5 26. Bxh3 Rd8 27. Bf1 Ne4+ 28. Kf3 f5 29. Be2 Rd2 30.
Rd1 Rxd1 31. Bxd1 Kf6 32. Bc2 Nc5 33. Ke3 Ne6 34. Bd1 Kg6 35. Bf3 a5 36. a3 h4 37.
gxh4 Kf6 38. b4 axb4 39. axb4 Nf8 40. c5 Ng6 41. h5 Ne7 42. Kd4 Ke6 43. b5 cxb5 44.
Bxb7 Kd7 45. h6 Ng8 46. Ke5 Nxh6 47. Bd5 b4 48. Kf6 Ng4+ 49. Kg5 Ne3 50. Bb3 Kc6 51. Kh6 Kxc5 52. Kxh7 Kd4 53. Kg6 Kc3 54. Be6 b3 55.
Kf6 b2 56. Ba2 Kc2 57. Ke5 b1=Q 58. Bxb1+ Kxb1 59. Kd4 Ng4 60. Kd5 Kc2 61. Ke6 Ne3 62.
Ke5 Kd3 0-1

[Event "*** Titled Tuesday 3|2 Blitz (Late)"]
[Site "Chess.com"]
[Date "2016.11.01"]
[Round "1"]
[White "yurisolo"]
[Black "MFBerna"]
[Result "1-0"]
[WhiteElo "2524"]
[BlackElo "2176"]
[TimeControl "180+2"]
[EndTime "17:09:59 PDT"]
[Termination "yurisolo won on time"]

1. e4 e5 2. Nf3 Nc6 3. Bb5 a6 4. Ba4 Nf6 5. O-O Be7 6. Re1 b5 7. Bb3 O-O 8. a4 b4 9. d3 d6 10. Nbd2 Be6 11. Nc4 Nd7 12. a5 Nc5 13. Ba2 b3 14.
Bxb3 Nxb3 15. cxb3 Bg4 16. Be3 Qb8 17. Ncd2 Qb5 18.
Qc2 Rfc8 19. Qc3 Nb4 20. d4 Bf6 21. dxe5 dxe5 22. h3 Be6 23. Nc4 Nc6 24. Rec1 Bd7 25. Rd1 Rd8 26. Rac1 Rab8 27. Na3 Qxb3 28. Qxb3 Rxb3 29.
Rxd7 Rxd7 30. Rxc6 Rd6 31. Rxd6 cxd6 32. Nc4 Rb4 33.
Nfd2 Be7 34. b3 Kf8 35. Nb6 Rb5 36. Nbc4 Ke8 37. Bb6 Kd7 38. Kf1 Kc6 39. Ke2 f6 40. Ne3 g6 41. Nd5 Rxd5 42. exd5+ Kxd5 43. Kd3 f5 44. f3 Kc6 45. Nc4 Bf6 46. f4 exf4 47. Nd2 Kb5 48. Nf3 Kb4 49. Bc7 d5 50.
Nd4 h5 51. Bxf4 Kxa5 52. Kc3 Kb6 53. Be3 Kc7 54. Kb4 Be7+ 55. Ka5 Kd7 56. Kxa6 Bc5 57. Nxf5 1-0

[Event "*** Titled Tuesday 3|2 Blitz (Late)"]
[Site "Chess.com"]
[Date "2016.11.01"]
[Round "1"]
[White "attack2mateU"]
[Black "norwaytoadog"]
[Result "0-1"]
[WhiteElo "2436"]
[BlackElo "1996"]
[TimeControl "180+2"]
[EndTime "17:10:01 PDT"]
[Termination "norwaytoadog won by resignation"]

1. e4 e5 2. Nf3 Nc6 3. Bb5 a6 4. Ba4 Nf6 5. O-O Be7 6. Re1 b5 7. Bb3 d6 8. c3 O-O 9. h3 Bb7 10. d4 Re8 11. Nbd2 exd4 12. cxd4 Nd7 13. Nf1 Na5 14. Bc2 Bf6 15. Ng3 Nf8 16. Nh5 Ne6 17. b3 c5 18. Bb2 cxd4 19. Nxd4 Be5 20. Qd2 g6 21. Ng3 Nf4 22. Rad1 Nc6 23. Bb1 Qf6 24. Nxc6 Bxc6 25. Bxe5 dxe5 26. Qd6 Re6 27. Qc5 Rae8 28. b4 Qg5 29. Kh2 h5 30. Rg1 h4 31. Nf1 Ne2 32.
Qe3 Qxe3 33. Nxe3 Nxg1 34. Kxg1 Kg7 35. a3 R8e7 36. Ba2 Rf6 37. Bd5 Bb7 38. Rc1 Rf4 39. f3 Rf6 40. Bxb7 Rxb7 41. Nd5 Rd6 42. Rc8 f5 43. Re8 Kf7 44. Rxe5 Re6 45. Rxe6 Kxe6 46. Nf4+ Kf6 47. e5+ Kxe5 48. Nxg6+ Kf6 49. Nxh4 Rc7 50.
g4 fxg4 51. hxg4 Rc3 52. Kg2 Rxa3 53. Nf5 a5 54. bxa5 b4 55. Nd4 b3 56. Nxb3 Rxb3 57.
a6 Ra3 58. Kg3 Rxa6 59. Kh4 Ra4 60. Kh5 Rf4 61. g5+ Kg7 0-1

[Event "*** Titled Tuesday 3|2 Blitz (Late)"]
[Site "Chess.com"]
[Date "2016.11.01"]
[Round "1"]
[White "ZapataCharlesS"]
[Black "pedromartinez91"]
[Result "0-1"]
[WhiteElo "2612"]
[BlackElo "2301"]
[TimeControl "180+2"]
[EndTime "17:10:19 PDT"]
[Termination "pedromartinez91 won by resignation"]

1. e4 e6 2. d4 d5 3. exd5 exd5 4.
Nf3 Bd6 5. c4 dxc4 6. Bxc4 Nf6 7.
O-O O-O 8. Nc3 Bg4 9. h3 Bh5 10. g4 Bg6 11. Ne5 Ne4 12. Nxg6 Nxc3 13. bxc3 hxg6 14.
Qd3 Nd7 15. Qxg6 Nb6 16. Bb3 c5 17. dxc5 Bxc5 18. Bh6 Qf6 19. Qxf6 gxf6 20. Bxf8 Rxf8 21. Rad1 Kg7 22. Kg2 Rb8 23. h4 Rc8 24. Rd3 a5 25. a4 Rc7 26. Re1 Nd7 27. f4 Bf8 28.
Rg3 Nc5 29. Bc2 Bd6 30. Rf1 Ne6 31. Rgf3 Rc4 32. Bb3 Nxf4+ 33. Kh1 Re4 34. h5 Be5 35. R1f2 Re1+ 36. Rf1 Re4 37. Bc2 Rc4 38. Bf5 Nd5 39. Rb1 b6 40. h6+ Kxh6 41. Rh3+ Kg5 42. Rf1 Nf4 43. Rh8 Rxc3 44. Bd7 Rc7 45. Bc8 Rc3 46. Bf5 Rc4 47. Bd7 Rc7 48. Rd1 Ng6 49. Rh5+ Kf4 50.
Rf5+ Ke3 51. Bb5 Rc2 52. Re1+ Kd4 53. Kg1 Nh4 54. Rd1+ Kc5 55. Kf1 Nxf5 56. gxf5 Bd4 57. Be8 Rf2+ 58. Ke1 Rxf5 59. Bxf7 Re5+ 60. Kd2 f5 61.
Rc1+ Kd6 62. Bc4 Be3+ 63. Kc2 Bxc1 64. Kxc1 Rc5 0-1

[Event "*** Titled Tuesday 3|2 Blitz (Late)"]
[Site "Chess.com"]
[Date "2016.11.01"]
[Round "1"]
[White "Tarlev_Konstantin"]
[Black "BellJackson95"]
[Result "1-0"]
[WhiteElo "2599"]
[BlackElo "2253"]
[TimeControl "180+2"]
[EndTime "17:10:23 PDT"]
[Termination "Tarlev_Konstantin won by resignation"]

1. d4 Nf6 2. Nf3 c5 3. d5 e6 4. Bg5 h6 5. Bxf6 Qxf6 6. Nc3 a6 7. e4 d6 8. dxe6 Bxe6 9. Qd2 Nc6 10. O-O-O O-O-O 11. Nd5 Bxd5 12. exd5 Ne5 13. Nxe5 Qxe5 14.
f4 Qf6 15. g3 g6 16. c3 Bg7 17. Bh3+ Kb8 18. Rhe1 Rhe8 19. a4 g5 20. Kb1 g4 21.
Bf1 h5 22. Ka2 h4 23. Qc2 Ka7 24. Qb3 hxg3 25. hxg3 Rxe1 26. Rxe1 Rd7 27. a5 Qd8 28. Qa4 Re7 29. Re2 Rxe2 30. Bxe2 f5 31. Bd3 Qf6 32.
Qd7 Bf8 33. Bxf5 Be7 34. Bxg4 Bd8 35. Qh7 Kb8 36. Qg8 Ka7 37. Bc8 Qe7 38. g4 Qc7 39. Bf5 Qxa5+ 40. Kb1 Bb6 41. Qe6 Qa4 42. Qe3 Qd1+ 43.
Qc1 Qf3 44. g5 c4 45. g6 Be3 46. Qe1 Bxf4 47. g7 Qg2 48. g8=Q Qxg8 49. Qf2+ Kb8 50. Qxf4 Qg1+ 51. Ka2 Qc5 52. Be6 Kc7 53. Kb1 a5 54.
Qe4 a4 55. Ka2 b5 56. Qc2 Qb6 57. Qd2 Qa5 58. Qh6 Kb6 59. Qf8 a3 60. Qd8+ Kb7 61. Qxa5 1-0

[Event "*** Titled Tuesday 3|2 Blitz (Late)"]
[Site "Chess.com"]
[Date "2016.11.01"]
[Round "1"]
[White "Rozum_Ivan"]
[Black "spirals5"]
[Result "1-0"]
[WhiteElo "2587"]
[BlackElo "2250"]
[TimeControl "180+2"]
[EndTime "17:10:44 PDT"]
[Termination "Rozum_Ivan won by resignation"]

1. d4 d5 2. c4 c6 3. Nf3 Nf6 4. e3 g6 5. Nc3 e6 6. Bd3 Bg7 7. O-O Nbd7 8. b3 O-O 9. Ba3 Re8 10.
Rc1 b6 11. Qe2 Bb7 12. Rfd1 Rc8 13. cxd5 exd5 14. Ba6 Qc7 15. Rc2 Qb8 16. Rdc1 b5 17. Bxb7 Qxb7 18. Bd6 a6 19. h3 Ne4 20. Nxe4 Rxe4 21. Bg3 Ree8 22. Qd3 h6 23. Rc3 Nf6 24.
Be5 Ne4 25. R3c2 Bf8 26. Bf4 c5 27. dxc5 Rxc5 28. Rxc5 Nxc5 29. Qc2 Ne6 30. Be5 Ba3 31. Qc6 Qxc6 32. Rxc6 Ra8 33. Nd4 Nxd4 34. Bxd4 a5 35.
Rb6 b4 36. Rd6 a4 37. Rxd5 axb3 38. axb3 g5 39. g4 Ra6 40. Kg2 Kf8 41. Rb5 Ke7 42.
Bc5+ Ke6 43. Bxb4 Bxb4 44. Rxb4 f6 45. Rb8 Ra3 46. Rh8 Rxb3 47. Rxh6 Ke5 48. Rh8 Rb1 49.
Re8+ Kd6 50. Rh8 Ke6 51. h4 gxh4 52. Rxh4 Kf7 53. Kf3 Kg6 54. Rh5 Rg1 55. Rd5 Rf1 56. Rd2 Rg1 57. Kf4 Ra1 58. e4 Ra4 59. f3 Ra7 60.
Rd6 Kf7 61. Kf5 Ra5+ 62. Rd5 Ra3 63. Rd7+ Ke8 64. Ke6 Rxf3 65. Rg7 Kf8 66. Rf7+ Kg8 67. Rxf6 Rg3 68. Rf4 Kg7 69. e5 Re3 70. Kd6 Rd3+ 71. Ke7 Kg6 72. e6 Ra3 73. Rd4 Kg7 74. Ke8 Ra8+ 75.
Rd8 Ra4 76. e7 Rxg4 77. Kd7 Rd4+ 78. Kc6 Re4 79. e8=Q Rxe8 80. Rxe8 1-0

[Event "*** Titled Tuesday 3|2 Blitz (Late)"]
[Site "Chess.com"]
[Date "2016.11.01"]
[Round "1"]
[White "Genghis_K"]
[Black "Abrito99"]
[Result "1-0"]
[WhiteElo "2687"]
[BlackElo "2349"]
[TimeControl "180+2"]
[EndTime "17:10:51 PDT"]
[Termination "Genghis_K won by resignation"]

1. e4 e6 2. d4 d5 3. Nc3 Bb4 4. e5 c5 5. a3 Bxc3+ 6. bxc3 Ne7 7. Qg4 O-O 8. Bd3 c4 9. Be2 f6 10. f4 Nbc6 11. Nf3 Qe8 12. O-O Qg6 13. Qxg6 Nxg6 14. exf6 gxf6 15. a4 Bd7 16. g3 Rae8 17. Ba3 Rf7 18.
Rfe1 b6 19. Bf1 e5 20. fxe5 fxe5 21. Nxe5 Ncxe5 22. dxe5 Nxe5 23. Bg2 Nf3+ 24. Bxf3 Rxf3 25. Rxe8+ Bxe8 26. Bb2 Bg6 27. a5 Bxc2 28. axb6 axb6 29. Ra8+ Kf7 30. Rb8 Rf6 31. Bc1 Re6 32. Bf4 Re2 33.
Rxb6 Be4 34. h4 Rg2+ 35. Kf1 Rc2 36. Be5 Bd3+ 37. Kg1 Be4 38. h5 Rg2+ 39. Kf1 Rh2 40. g4 Rh4 41. Rf6+ Ke7 42. Rf4 Ke6 43. Bd4 Rh2 44.
Rf6+ Ke7 45. Rf4 Ke6 46. Rf6+ Ke7 47. Rb6 Kf7 48. Rb7+ Ke6 49. Rg7 Kd6 50. Rf7 Ke6 51.
Rf8 Ke7 52. Bc5+ Ke6 53. Re8+ Kf6 54. Rg8 Kf7 55. Rg5 Kf6 56. Rg8 Kf7 57. Rb8 Kf6 58. Bd4+ Kg5 59. Rg8+ Kh4 60. Bf2+ Kh3 61. g5 Kg4 62. g6 Kf3 63. Rf8+ Kg4 64. g7 Bd3+ 65. Ke1 Rh1+ 66. Kd2 Kh3 67. g8=Q 1-0

[Event "*** Titled Tuesday 3|2 Blitz (Late)"]
[Site "Chess.com"]
[Date "2016.11.01"]
[Round "1"]
[White "GMKrikor"]
[Black "saraswathii"]
[Result "1-0"]
[WhiteElo "2541"]
[BlackElo "2199"]
[TimeControl "180+2"]
[EndTime "17:10:55 PDT"]
[Termination "GMKrikor won on time"]

1. e4 c5 2. Nf3 e6 3. d4 cxd4 4. Nxd4 Nf6 5. Nc3 Nc6 6. Ndb5 Bb4 7. a3 Bxc3+ 8. Nxc3 d5 9. exd5 exd5 10. Bd3 d4 11. Ne2 O-O 12. O-O Qd5 13. Nf4 Qd6 14. Nh5 Nxh5 15. Qxh5 h6 16. Re1 Bd7 17. Qh4 Rfe8 18.
Bf4 Qd5 19. Qg3 Kh8 20. Qh4 Re6 21. Rxe6 Qxe6 22. h3 Kg8 23. Bd2 Re8 24. Re1 Qd5 25. Rxe8+ Bxe8 26. Qg3 Qe5 27. Bf4 Qe1+ 28. Kh2 Qe6 29.
Qf3 Bd7 30. Qe4 Qxe4 31. Bxe4 g5 32. Bd6 f5 33. Bd5+ Kh7 34. f4 Kg6 35. Kg3 b5 36. Bc5 a5 37. b4 axb4 38. axb4 Be8 39. h4 Bd7 40. Bf3 g4 41. Bd5 Be8 42. Kf2 Kh5 43. g3 Kg6 44. Ke1 h5 45. Kd2 Nd8 46. Bxd4 Bf7 47.
Bg2 Bc4 48. Bb6 Ne6 49. Bc6 Nf8 50. Kc3 Nh7 51. Bf2 Nf6 52. Kd4 Kf7 53. Ke5 Be6 54. Bxb5 Nd5 55. Bc5 Nc3 56. Bd3 Bd7 57. Bxf5 Bxf5 58.
Kxf5 Ne2 59. Bf2 Nc3 60. Be1 Nd5 61. Bd2 Ke7 62. Ke5 1-0

[Event "*** Titled Tuesday 3|2 Blitz (Late)"]
[Site "Chess.com"]
[Date "2016.11.01"]
[Round "1"]
[White "Fandorine"]
[Black "KingFlorida"]
[Result "1-0"]
[WhiteElo "2644"]
[BlackElo "2309"]
[TimeControl "180+2"]
[EndTime "17:11:44 PDT"]
[Termination "Fandorine won on time"]

1. e4 Nf6 2. e5 Nd5 3. d4 d6 4. Nf3 Bg4 5. Be2 c6 6. exd6 exd6 7. O-O Be7 8. h3 Bh5 9. c4 Nb6 10. Qb3 O-O 11. Nc3 N8d7 12. Be3 Re8 13. Rad1 Nf6 14.
Rfe1 Bg6 15. Nh4 Qd7 16. Nxg6 hxg6 17. d5 c5 18. Bf4 Bf8 19. a4 Nc8 20. a5 Ne7 21.
Bd3 Rab8 22. Qa4 Qxa4 23. Nxa4 Nf5 24. Nc3 Nd4 25. Kf1 Nd7 26. Rxe8 Rxe8 27. Nb5 Nxb5 28. cxb5 Be7 29. b3 g5 30. Bg3 g6 31. Be2 f5 32. f4 gxf4 33. Bxf4 g5 34. Bd2 f4 35. Re1 Bf6 36. Bg4 Rxe1+ 37. Kxe1 Ne5 38. Bc8 b6 39. a6 Kf7 40. Ke2 Ke7 41. h4 gxh4 42. Bxf4 Ng6 43. Be3 Be5 44. Kf3 Kf6 45. Kg4 Bg3 46.
Bg5+ Kg7 47. Bf5 Ne5+ 48. Kh5 c4 49. bxc4 Nxc4 50. Bxh4 Bxh4 51. Kxh4 Kf6 52. g4 Ne3 53. Be6 Nc2 54. g5+ Kg7 55. Kg4 Ne3+ 56. Kf4 Nc2 57. Bf5 Nd4 58. Bd3 Kf7 59. Ke4 Nb3 60. Bc2 Nc5+ 61.
Kf5 Kg7 62. g6 Kg8 63. Kf6 Kf8 64. g7+ Kg8 65. Bf5 Ne4+ 66. Ke7 Nc3 67. Bd7 Nxd5+ 68. Kxd6 Nf6 69. Bc6 Kxg7 70. Kc7 Kf7 71. Kb7 Ke7 72. Kxa7 Kd6 73. Kxb6 1-0

[Event "*** Titled Tuesday 3|2 Blitz (Late)"]
[Site "Chess.com"]
[Date "2016.11.01"]
[Round "1"]
[White "popov_m"]
[Black "Gabrielian_Artur"]
[Result "1/2-1/2"]
[WhiteElo "2259"]
[BlackElo "2569"]
[TimeControl "180+2"]
[EndTime "17:13:05 PDT"]
[Termination "Game drawn by repetition"]

1. c4 Nf6 2. g3 g6 3. Bg2 Bg7 4. Nc3 O-O 5. e4 d6 6. Nge2 c5 7. O-O Nc6 8. d3 Bd7 9. h3 a6 10. a4 Nd4 11. Nxd4 cxd4 12. Ne2 e5 13. a5 b6 14. b4 b5 15. c5 dxc5 16. bxc5 Rc8 17. Bd2 Re8 18. Bb4 Bf8 19. Rc1 Bc6 20. f4 Nd7 21. f5 Bh6 22. Bd2 Bxd2 23. Qxd2 Kg7 24. g4 f6 25. g5 fxg5 26. Ng3 Rf8 27. Rf2 Qe7 28. Rcf1 Rce8 29. f6+ Rxf6 30. Rxf6 Nxf6 31. Qxg5 Kf7 32. Bf3 Bd7 33. Bg4 Bxg4 34. hxg4 Rf8 35. c6 Ke6 36. Rc1 Ne8 37. Qxe7+ Kxe7 38. c7 Nd6 39.
Rc6 Kd7 40. Rxa6 Kxc7 41. Ra7+ Kc6 42. Ra6+ Kc5 43. Ne2 b4 44. Nc1 Rd8 45. Rb6 Nxe4 46. Nb3+ Kd5 47. Rb5+ Kc6 48. Rb6+ Kd5 49. dxe4+ Kxe4 50.
Rxb4 Ke3 51. Nc5 d3 52. Rb3 e4 53. a6 Ke2 54. Nxe4 d2 55. Nc3+ Kd3 56. a7 Ra8 57. Ra3 Kc2 58. Kf2 Kb2 59. Ra6 Kxc3 60. Rc6+ Kb2 61.
Rd6 Kc1 62. Rc6+ Kd1 63. Rc7 Rf8+ 64. Kg3 Ke1 65. Re7+ Kf1 66. Rd7 Ke2 67. Re7+ Kd3 68. Rd7+ Kc2 69. Rc7+ Kd1 70. Rxh7 Re8 71. Rd7 Ke2 72.
Re7+ Rxe7 73. a8=Q d1=Q 74. Qf3+ Kd2 75. Qf4+ Re3+ 76. Kh4 Qf3 77. Qd6+ Rd3 78. Qb4+ Ke2 79. Kg5 Qe3+ 80. Kxg6 Qe6+ 81. Kh5 Rd5+ 82. g5 Qf7+ 83. Kh6 Qe6+ 84. Kh5 Rd3 85. Qb2+ Ke3 86. Qc1+ Kd4 87. Qb2+ Ke4 88. Qg2+ Kd4 89. Qb2+ Rc3 90. Qd2+ Rd3 91. Qb2+ Kc5 92. Qc2+ Kd4 93. Qb2+ 1/2-1/2